AoeStats
← NutriaCriollaSinBachillerato

Black Forest

505153051Analyzed
3v3 RM · 25d ago on Sep 8, 2026· 35m 7s· 6 players
Game mode
Random Map
Map size
Normal (6 player)
Population
200
Speed
Normal
Resources
Standard
Victory
Conquest
Starting age
Dark Age
Ending age
Imperial Age
RankedLock teamsTeams togetherTeam positionsShared explorationLock speedFull tech treeHidden civsTurbo modeCheats
Victory
Defeat
🇺🇸 Lithuanians · United States
1266
+8
🇲🇽 Teutons · Mexico
1115
+14
🇺🇸 Georgians · United States
1107
+14
🇨🇴 Turks · Colombia
1138
-15
🇦🇷 Vietnamese · Argentina
1056
-11
1018
-10
Smoochy
0:27 Loom
12:07 Feudal Age
15:10 Forging
15:08 Scale Barding Armor
17:39 Bloodlines
19:30 Horse Collar
25:27 Castle Age
24:55 Double-Bit Axe
26:24 Husbandry
27:56 Wheelbarrow
26:57 Light Cavalry
28:37 Bow Saw
28:38 Heavy Plow
31:49 Chain Barding Armor
31:48 Hand Cart
32:19 Gold Mining
00xLulu
0:30 Loom
11:04 Feudal Age
16:56 Castle Age
18:04 Double-Bit Axe
18:13 Stone Mining
18:17 Gold Mining
19:02 Horse Collar
20:16 Stone Shaft Mining
20:41 Bow Saw
23:34 Loom
25:33 Wheelbarrow
25:21 Heavy Plow
27:22 Hand Cart
30:03 Padded Archer Armor
29:54 Fletching
30:10 Scale Barding Armor
29:35 Elite Skirmisher
33:18 Leather Archer Armor
32:58 Bodkin Arrow
aaaaaaa
7:41 Loom
9:57 Feudal Age
13:25 Fletching
17:21 Wheelbarrow
16:41 Man-at-Arms
27:25 Castle Age
27:22 Double-Bit Axe
27:21 Horse Collar
28:39 Bodkin Arrow
DavidRhenals
0:37 Loom
12:46 Feudal Age
17:06 Castle Age
16:33 Fletching
B Rabbit
8:37 Loom
11:34 Feudal Age
14:02 Bloodlines
14:15 Scale Barding Armor
16:26 Double-Bit Axe
17:03 Forging
16:39 Horse Collar
20:05 Wheelbarrow
23:46 Castle Age
23:07 Gold Mining
24:06 Padded Archer Armor
23:51 Light Cavalry
25:04 Chain Barding Armor
28:51 Husbandry
29:37 Squires
31:41 Iron Casting
30:57 Fletching
31:22 Leather Archer Armor
32:42 Heavy Plow
32:57 Bow Saw
35:37 Hand Cart
NutriaCriollaSinBachillerato
1:05 Loom
20:07 Feudal Age
30:31 Double-Bit Axe
Connection lost

Rejoining the realm…

Still unreachable

The connection could not be restored.

Session expired

The server has moved on; the page needs a fresh start.